 Dungeon Crawl Stone Soup version 0.17-a0-1504-gb7d9117 (webtiles) character file.

3804 mrath the Ducker (level 9, -5/85 HPs)
             Began as a Troll Hunter on July 7, 2015.
             Was a Priest of Nemelex Xobeh.
             Slain by a killer bee (10 damage)
             ... summoned by the player character
             ... on level 9 of the Dungeon.
             The game lasted 02:04:22 (7965 turns).

mrath the Ducker (Troll Hunter)                     Turns: 7965, Time: 02:04:22

Health: -5/85      AC: 15    Str: 24    XL:     9   Next: 96%
Magic:  8/8        EV: 16    Int:  7    God:    Nemelex Xobeh [***...]
Gold:   359        SH:  0    Dex: 11    Spells: 0 memorised, 8 levels left

rFire  . . .     SeeInvis .     b - +1 flail (protect)
rCold  . . .     Clarity  .     d - +2 robe
rNeg   . . .     SustAt   .     (no shield)
rPois  .         Gourm    +     (helmet restricted)
rElec  .         Spirit   .     I - +2 cloak
rCorr  .         Warding  .     (gloves unavailable)
rMut   .         Stasis   .     (boots unavailable)
MR     .....                    (no amulet)
Stlth  +.........               O - +2 ring of slaying
                                o - +4 ring of evasion

@: lethally poisoned (-5 -> -6), very slightly contaminated, not resistant to
hostile enchantments, very unstealthy
A: unfitting armour, claws 3, fast metabolism 3, gourmand, regeneration 2,
shaggy fur 1, tough skin 2
a: Triple Draw, Renounce Religion


You were on level 9 of the Dungeon.
You worshipped Nemelex Xobeh.
Nemelex Xobeh was most pleased with you.
You were not hungry.

You visited 2 branches of the dungeon, and saw 10 of its levels.

You collected 359 gold pieces.

Inventory:

Hand weapons
 b - a +1 flail of protection (weapon)
 c - a +2 dagger of venom
 g - a +0 short sword of freezing
 E - a +1 hunting sling
 H - a +3 quarterstaff of chaos
 V - a +4 dagger of distortion
 Y - a +0 arbalest
 Z - a +2 dagger of draining
Missiles
 j - 32 poisoned needles
 k - 87 bolts
 p - 299 stones (quivered)
 t - 14 tomahawks
 u - 138 arrows
 y - 2 javelins
 A - 19 bolts of frost
 L - 51 sling bullets
 M - 2 needles of sleeping
 T - 8 arrows of frost
Armour
 d - a +2 robe (worn)
 I - a +2 cloak (worn)
Jewellery
 o - a +4 ring of evasion (left claw)
 O - a +2 ring of slaying (right claw)
Magical devices
 G - a wand of frost (25)
 R - a wand of draining (7)
 U - a wand of frost (18)
Scrolls
 a - 3 scrolls of teleportation
 h - a scroll of enchant armour
 l - 3 scrolls of fog
 v - 2 scrolls of identify
 F - 2 scrolls of remove curse
 K - a scroll of blinking
 N - 3 scrolls of amnesia
 P - 2 scrolls of fear
Potions
 f - a potion of resistance {unknown}
 i - 2 potions of brilliance
 m - 3 potions of curing
 q - 4 potions of might
 s - 2 potions of magic
 z - 2 potions of agility
 J - a potion of flight
 W - a potion of lignification
 X - a potion of heal wounds
Miscellaneous
 n - a plain deck of war {drawn: 4}
 w - a plain deck of war
 B - a plain deck of war
 C - a plain deck of war
 Q - a plain deck of destruction
Comestibles
 e - 6 bread rations
 r - a chunk of flesh
 x - 7 fruits


   Skills:
 + Level 4.4 Fighting
 + Level 0.2 Short Blades
 + Level 3.7(3.8) Maces & Flails
 + Level 0.2(2.1) Staves
 + Level 4.8(5.4) Slings
   Level 1.2 Bows
 + Level 0.9 Crossbows
 + Level 4.9(6.4) Throwing
 + Level 7.1 Dodging
 + Level 1.8 Stealth
 + Level 2.5 Unarmed Combat
 + Level 0.4 Evocations


You had 8 spell levels left.
You didn't know any spells.

Dungeon Overview and Level Annotations

Branches:
Dungeon (9/15)             Temple (1/1) D:6
   Lair: D:8-11         Orc: D:9-12

Altars:
Ashenzari
Dithmenos
Elyvilon
Fedhas
Gozag
Kikubaaqudgha
Makhleb
Nemelex Xobeh
Okawaru
Qazlal
Ru
Sif Muna
Trog
Vehumet
Xom
Yredelemnul
Zin
The Shining One

Shops:
D:8 (

Annotations:
D:8 Grum
D:9 Yermak's ghost, experienced FoCK


Innate Abilities, Weirdness & Mutations

You are too large for most types of armour.
You have claws for hands.
Your metabolism is lightning-fast.
You like to eat raw meat.
You heal very quickly.
You are covered in fur (AC +1).
You have very tough skin (AC +2).


Message History

* * * LOW HITPOINT WARNING * * *
You are more poisoned.
The killer bee misses you.
The orc priest mumbles some strange prayers to Beogh against you.
Something smites you!
* * * LOW HITPOINT WARNING * * *
Read which item? (? for menu, Esc to quit)
Blink to where?
Press: ? - help, Dir - move target cursor, p - Yermak's ghost You are very lightly contaminated with residual magic.
As you read the scroll of blinking, it crumbles to dust.
You feel sick.
You feel sick.
You feel sick.
You feel sick. The killer bee closely misses you.
You barely miss the killer bee.
You feel sick. The killer bee closely misses you. The killer bee misses you.
You closely miss the killer bee.
You feel sick. The killer bee stings you!
You die...
Your body disappears without a glow.

*,** #.............(.,,<,
*** ##o....#.....(...,,,,
##oo..............,,,,
###W####............,,,,
#.ยง## ##.........##,,,,
#.#y# ###......##**,,,
#.#.# *......## *,,,
#.#.######.###..#****...
#.##W.y@..#* *##..,,,...
#.#.##....# #..#***..#
*#...####..# ##.#* *..*
#.##.......####...* *.#*
##*#.###..........#*##.#*
#.# ##..###.....##..#*
##.###...# #......#..##
#..##....# #...........
#........###........#.#


You could see a killer bee and Yermak's ghost.

Vanquished Creatures
  Pikel (D:5)
  Joseph (D:8)
  A deep elf mage (D:9)
  A steam dragon (D:9)
  A sky beast (D:9)
  An ice beast (D:5)
  A phantom (D:7)
  4 ogres
  5 centaurs
  4 giant frogs
  A scorpion (D:9)
  4 crimson imps
  A quasit (D:8)
  3 giant frog zombies
  3 orc priests
  Crazy Yiuf (D:5)
  A centaur skeleton (D:8)
  A hound (D:9)
  4 jellies
  Jessica (D:2)
  A gnoll shaman (D:4)
  4 orc wizards
  An iguana (D:5)
  3 worker ants
  A killer bee zombie (D:8)
  10 adders
  9 gnolls (D:4)
  2 shadow imps
  An adder skeleton (D:4)
  An adder zombie (D:5)
  6 worms
  5 giant geckos
  19 orcs
  2 ball pythons (D:2)
  11 bats
  A bat skeleton (D:4)
  3 giant cockroaches
  13 goblins
  12 hobgoblins
  12 kobolds
  5 giant newts
  8 jackals
  4 quokkas
  15 rats
189 creatures vanquished.

Vanquished Creatures (collateral kills)
  Psyche (D:8)
  A big kobold (D:8)
  A hound (D:8)
  2 orc wizards (D:8)
  An orc priest (D:8)
  An orc (D:8)
  2 kobolds (D:8)
9 creatures vanquished.

Vanquished Creatures (others)
  A slave (D:5)
  An ogre (D:5)
  A jelly (D:5)
  An adder (D:5)
  A worm (D:5)
  A bat (D:9)
  A bat zombie (D:5)
  A giant cockroach (D:5)
  3 jackals (D:5)
  A kobold (D:5)
12 creatures vanquished.

Grand Total: 210 creatures vanquished

Notes
Turn   | Place    | Note
--------------------------------------------------------------
     0 | D:1      | mrath the Troll Hunter began the quest for the Orb.
     0 | D:1      | Reached XP level 1. HP: 19/19 MP: 0/0
   192 | D:1      | Reached XP level 2. HP: 27/27 MP: 1/1
   243 | D:1      | Reached skill level 4 in Throwing
  1032 | D:2      | Reached XP level 3. HP: 28/33 MP: 2/2
  1054 | D:2      | Found an ancient bone altar of Kikubaaqudgha.
  1254 | D:2      | Noticed Jessica
  1256 | D:2      | Killed Jessica
  1256 | D:2      | Reached skill level 1 in Unarmed Combat
  1256 | D:2      | Reached XP level 4. HP: 42/42 MP: 3/3
  1700 | D:3      | Reached skill level 1 in Stealth
  1740 | D:3      | Reached XP level 5. HP: 49/49 MP: 4/4
  2755 | D:4      | Reached XP level 6. HP: 59/59 MP: 5/5
  2892 | D:4      | Reached skill level 1 in Slings
  3133 | D:4      | Noticed an ogre
  3143 | D:4      | Killed an ogre
  3143 | D:4      | Reached skill level 1 in Maces & Flails
  3222 | D:5      | Entered Level 5 of the Dungeon
  3254 | D:5      | Noticed Pikel
  3280 | D:5      | Reached XP level 7. HP: 32/66 MP: 6/6
  3317 | D:5      | Killed Pikel
  3317 | D:5      | Reached skill level 1 in Bows
  3317 | D:5      | Reached skill level 5 in Dodging
  3388 | D:5      | Reached XP level 8. HP: 49/75 MP: 7/7
  3432 | D:5      | Found a blossoming altar of Fedhas.
  3503 | D:5      | Noticed Crazy Yiuf
  3504 | D:5      | Killed Crazy Yiuf
  4230 | D:6      | Found a staircase to the Ecumenical Temple.
  4239 | D:6      | Found a shimmering altar of Xom.
  4241 | D:6      | Found an opulent altar of Gozag.
  4263 | Temple   | Entered the Ecumenical Temple
  4451 | Temple   | Became a worshipper of Nemelex Xobeh the Trickster
  4643 | D:6      | You fall through a shaft for 2 floors!
  4643 | D:8      | Received a gift from Nemelex Xobeh
  4701 | D:8      | Found a shattered altar of Ashenzari.
  4819 | D:7      | Reached skill level 6 in Dodging
  5268 | D:6      | Received a gift from Nemelex Xobeh
  5355 | D:6      | Found a stormy altar of Qazlal.
  5389 | D:6      | Reached XP level 9. HP: 78/84 MP: 8/8
  6260 | D:7      | Received a gift from Nemelex Xobeh
  6421 | D:8      | Noticed Psyche
  6442 | D:8      | Killed Psyche
  6786 | D:8      | Noticed Joseph
  6803 | D:8      | Killed Joseph
  6887 | D:8      | Found Gaud's Antique Weapon Shop.
  6916 | D:8      | Found a stormy altar of Qazlal.
  7091 | D:8      | Noticed Grum
  7106 | D:8      | Received a gift from Nemelex Xobeh
  7574 | D:9      | Reached skill level 7 in Dodging
  7652 | D:9      | Received a gift from Nemelex Xobeh
  7823 | D:9      | Acquired Nemelex Xobeh's first power
  7932 | D:9      | Noticed Yermak's ghost (experienced FoCK)
  7965 | D:9      | Slain by a killer bee

Vault maps used:
D:1:      lightli_molten_gateway
D:2:      lemuel_round_altar, uniq_jessica
D:3:      minmay_strange_pillars
D:4:      first_bread
D:5:      lemuel_doored_altar, uniq_pikel, uniq_crazy_yiuf_cottage
D:6:      cheibriados_altar_wand_db, nicolae_overflow_hidden_temple,
          minmay_temple_entry_large_hall, basic_altar
D:8:      lemuel_crystal_altar, ashenzari_altar_1, serial_shops,
          kennysheep_mini, uniq_joseph, uniq_psyche, uniq_grum
Temple:   oiseaux_autumnal_temple_12

Action                   |  1- 3 |  4- 6 |  7- 9 || total
-------------------------+-------+-------+-------++-------
Melee: Unarmed           |    90 |   106 |       ||   196
       Flail             |       |    51 |   219 ||   270
       Dagger            |       |    11 |    33 ||    44
       Quarterstaff      |       |       |     1 ||     1
 Fire: Hunting sling     |       |    34 |   120 ||   154
       Shortbow          |       |    11 |       ||    11
       Arbalest          |       |       |    22 ||    22
Throw: Large rock        |     3 |    28 |    17 ||    48
       Throwing net      |       |     5 |       ||     5
       Stone             |       |    13 |    16 ||    29
Evoke: Deck              |       |       |     4 ||     4
       Wand              |       |       |     1 ||     1
  Use: Scroll            |     5 |    11 |    17 ||    33
       Potion            |     1 |     1 |     3 ||     5
 Stab: Sleeping          |     1 |     1 |       ||     2
  Eat: Chunk             |     4 |    19 |    17 ||    40
       Bread ration      |     1 |       |       ||     1
       Meat ration       |       |       |     4 ||     4
       Royal jelly       |       |       |     3 ||     3
